 Dungeon Crawl Stone Soup version 0.19-a0-1834-g6b7851e (webtiles) character file.

9576 dobroeutro the Grappler (level 11, 0/119 HPs)
             Began as a Troll Monk on Oct 9, 2016.
             Was an Elder of Cheibriados.
             Slain by a killer bee (10 damage)
             ... on level 10 of the Dungeon.
             The game lasted 00:17:28 (9185 turns).

dobroeutro the Grappler (Troll Monk)                Turns: 9185, Time: 00:17:29

Health: 0/119      AC:  7    Str: 34    XL:     11   Next: 24%
Magic:  7/10       EV: 11    Int: 16    God:    Cheibriados [****..]
Gold:   512        SH:  5    Dex: 22    Spells: 0 memorised, 10 levels left

rFire  . . .     SeeInvis .       - Unarmed
rCold  + . .     Gourm    +     J - +1 robe {rN+}
rNeg   + . .     Faith    .     (no shield)
rPois  .         Spirit   .     (helmet restricted)
rElec  .         Dismiss  .     z - +0 cloak
rCorr  .         Reflect  +     (gloves unavailable)
MR     +....     Harm     .     (boots unavailable)
Stlth  ++........               p - +5 amulet of reflection
                                C - ring of protection from cold
                                n - ring of protection from magic

@: lethally poisoned (0 -> -5), about to teleport, very slow
A: unfitting armour, claws 3, fast metabolism 3, gourmand, regeneration 1,
shaggy fur 1, tough skin 2, MP-powered wands
a: Bend Time, Temporal Distortion, Slouch, Renounce Religion


You were on level 10 of the Dungeon.
You worshipped Cheibriados.
Cheibriados was greatly pleased with you.
You were completely stuffed.

You visited 2 branches of the dungeon, and saw 11 of its levels.
You also visited: Sewer.

You collected 512 gold pieces.

Inventory:

Armour
 r - a +1 shield of protection
 z - a +0 cloak (worn)
 J - a +1 robe of positive energy (worn)
 L - a steam dragon hide
Jewellery
 n - a ring of protection from magic (left claw)
 p - a +5 amulet of reflection (around neck)
 w - a +2 ring of strength
 C - a ring of protection from cold (right claw)
Wands
 B - a wand of digging (9/24)
 E - a wand of iceblast (9/15)
 H - a wand of lightning (12/15)
 I - a wand of acid (7/15)
 O - a wand of teleportation (7/9)
Scrolls
 a - a scroll of fear
 e - a scroll of enchant armour
 h - 5 scrolls of teleportation
 q - 4 scrolls of remove curse
 t - a scroll of blinking
 u - 2 scrolls of identify
 v - a scroll of recharging
 A - 2 scrolls of magic mapping
Potions
 c - 3 potions of magic
 d - 4 potions of might
 f - 3 potions of lignification
 g - 2 potions of flight
 i - 2 potions of agility
 l - 5 potions of curing
 o - a potion of resistance
 s - 2 potions of haste
 M - a potion of brilliance
Books
 K - a book of Conjurations

   Spells                             Type                      Level
   a - Magic Dart                     Conjuration                  1
   b - Searing Ray                    Conjuration                  2
   c - Dazzling Spray                 Conjuration/Hexes            3
   d - Fulminant Prism                Conjuration/Hexes            4
   e - Iskenderun's Mystic Blast      Conjuration                  4
   f - Iskenderun's Battlesphere      Conjuration/Charms           5
Comestibles
 b - 7 bread rations
 j - 6 meat rations
 k - 8 royal jellies
 m - 3 beef jerkies
 F - 2 fruits
 G - a slice of pizza
 N - 3 chunks of flesh


   Skills:
 + Level 10.9 Fighting
 - Level 2.4 Dodging
 - Level 1.0 Stealth
 + Level 12.4 Unarmed Combat


You had 10 spell levels left.
You didn't know any spells.

Dungeon Overview and Level Annotations

Branches:
Dungeon (10/15)            Temple (1/1) D:5            Lair (0/6) D:8
    Orc: D:9-12

Altars:
Ashenzari
Cheibriados
Dithmenos
Elyvilon
Fedhas
Gozag
Hepliaklqana
Kikubaaqudgha
Makhleb
Nemelex Xobeh
Okawaru
Qazlal
Ru
Sif Muna
Trog
Uskayaw
Vehumet
Xom
Yredelemnul
Zin
The Shining One

Annotations:
D:4 Blork the orc


Innate Abilities, Weirdness & Mutations

You are too large for most types of armour.
You have claws for hands.
Your metabolism is lightning-fast.
You like to eat raw meat.
Your natural rate of healing is unusually fast.
You are covered in fur. (AC +1)
You have very tough skin. (AC +2)
You expend magic power (3 MP) to strengthen your wands.


Message History

* * * LOW HITPOINT WARNING * * *
You are more poisoned.
The killer bee poisons you! The killer bee stings you.
* * * LOW HITPOINT WARNING * * *
The killer bee closely misses you.
The killer bee stings you but does no damage.
You block the killer bee's attack.
You miss the killer bee.
The killer bee is heavily wounded.
You feel sick. The killer bee misses you. The killer bee stings you!
* * * LOW HITPOINT WARNING * * *
The killer bee closely misses you.
Unknown command.
You claw the killer bee!
You kill the killer bee!
Cheibriados thoroughly appreciates the change of pace.
You feel sick.
The killer bee stings you but does no damage.
The killer bee stings you!
You die...

#..#........#
#..#.......#
#+###..#.......#
.......#.......#
.......#.......######
.......#..<..........
.......#...F.....#
.......'...yy....#
####+###.##@###..#
.........#....# .#
.......).#....# #
.........#....#
........†#....#
.........######..
......[.)[.......
.................
≈≈≈≈≈≈≈≈≈≈....≈≈≈


You could see a bullfrog and 2 killer bees.

Vanquished Creatures
  A death yak (D:8)
  The ghost of braks the Fighter, a novice HOMo of Beogh (D:6)
  The ghost of Duskembrace the Grappler, a novice TrMo of Hepliaklqana (D:9)
  An unseen horror (D:10)
  Joseph (D:7)
  Psyche (D:8)
  A queen bee (D:8)
  A hornet (D:9)
  Grinder (D:4)
  A hippogriff (D:9)
  Sigmund (D:6)
  Eustachio (D:4)
  A hungry ghost (D:9)
  A steam dragon (D:8)
  Edmund (D:6)
  4 wargs (D:10)
  5 ice beasts
  2 sky beasts
  4 phantoms
  An orc warrior (D:8)
  4 necrophages (D:7)
  6 ogres
  3 centaurs
  A crocodile (D:9)
  3 bullfrogs
  A wyvern zombie (D:7)
  A scorpion (D:4)
  A water moccasin skeleton (D:8)
  A wyvern skeleton (D:8)
  16 killer bees
  2 wights (D:7)
  3 howler monkeys (D:8)
  A crimson imp (D:9)
  2 bullfrog zombies
  3 hounds
  4 centaur zombies (D:7)
  2 jellies (D:8)
  Crazy Yiuf (D:4)
  2 orc priests
  4 iguanas
  7 orc wizards
  4 worker ants
  3 mummies (D:7)
  2 worker ant zombies
  2 gnolls (D:1)
  8 adders
  2 shadow imps
  An ooze (D:4)
  7 worms
  A dart slug (D:1)
  8 leopard geckos
  36 orcs
  5 ball pythons
  7 giant cockroaches
  4 hobgoblins
  13 jackals
  7 quokkas
  6 bats
  17 frilled lizards
  9 goblins
  A jackal zombie (D:8)
  11 kobolds
  A quokka skeleton (D:9)
  A quokka zombie (D:7)
  6 rats
  2 plants (Sewer)
263 creatures vanquished.

Notes
Turn   | Place    | Note
-------+----------+-------------------------------------------
     0 | D:1      | dobroeutro the Troll Monk began the quest for the Orb.
     0 | D:1      | Reached XP level 1. HP: 22/22 MP: 0/0
   299 | D:1      | Reached XP level 2. HP: 29/29 MP: 1/1
   386 | D:1      | Reached XP level 3. HP: 34/36 MP: 2/2
   917 | D:2      | Reached skill level 4 in Unarmed Combat
   942 | D:2      | Found a glowing golden altar of the Shining One.
  1445 | D:2      | Reached XP level 4. HP: 45/45 MP: 3/3
  1718 | D:3      | Found a shimmering altar of Xom.
  1946 | D:3      | Found a glowing drain.
  1963 | Sewer    | Entered a sewer
  2675 | D:3      | Reached XP level 5. HP: 46/54 MP: 4/4
  2706 | D:3      | Found a sacrificial altar of Ru.
  2712 | D:3      | Found a stormy altar of Qazlal.
  3250 | D:4      | Noticed Eustachio
  3289 | D:4      | Reached skill level 5 in Unarmed Combat
  3303 | D:4      | Reached XP level 6. HP: 45/63 MP: 5/5
  3396 | D:4      | Killed Eustachio
  3464 | D:4      | Found an iron altar of Okawaru.
  3464 | D:4      | Noticed Grinder
  3472 | D:4      | Killed Grinder
  3472 | D:4      | Reached skill level 5 in Fighting
  3472 | D:4      | Reached skill level 6 in Unarmed Combat
  3472 | D:4      | Reached XP level 7. HP: 72/72 MP: 6/6
  3607 | D:4      | Noticed Blork the orc
  3620 | D:4      | Found a deep blue altar of Sif Muna.
  3767 | D:4      | Found a runed door.
  3815 | D:4      | Noticed Crazy Yiuf
  3830 | D:4      | Killed Crazy Yiuf
  3876 | D:5      | Entered Level 5 of the Dungeon
  4082 | D:5      | Reached skill level 7 in Unarmed Combat
  4123 | D:5      | Reached XP level 8. HP: 76/83 MP: 7/7
  4135 | D:5      | Found a staircase to the Ecumenical Temple.
  4287 | Temple   | Entered the Ecumenical Temple
  4585 | D:5      | Gained mutation: You expend magic power (3 MP) to strengthen your wands. [mutagenic meat]
  4953 | D:6      | Reached skill level 8 in Unarmed Combat
  5012 | D:6      | Noticed braks's ghost (novice HOMo)
  5100 | D:6      | HP: 3/87 [centaur/arrow (8)]
  5105 | D:6      | Found an ancient bone altar of Kikubaaqudgha.
  5106 | D:6      | HP: 4/87 [poisoned by a worker ant]
  5148 | D:6      | HP: 2/87 [ogre/giant club (24)]
  5394 | D:6      | Noticed Edmund
  5407 | D:6      | Killed Edmund
  5407 | D:6      | Reached XP level 9. HP: 77/93 MP: 8/8
  5521 | D:6      | Noticed Sigmund
  5525 | D:6      | Killed Sigmund
  5634 | D:6      | Found a white marble altar of Elyvilon.
  5800 | D:6      | Killed braks's ghost
  5800 | D:6      | Reached skill level 9 in Unarmed Combat
  6147 | D:7      | Found an opulent altar of Gozag.
  6307 | D:7      | Reached skill level 10 in Unarmed Combat
  6561 | D:7      | Found a hazy altar of Hepliaklqana.
  6585 | D:7      | Noticed Joseph
  6596 | D:7      | Killed Joseph
  6596 | D:7      | Reached XP level 10. HP: 76/105 MP: 9/9
  6681 | D:7      | Found a sparkling altar of Nemelex Xobeh.
  6796 | D:8      | Found a snail-covered altar of Cheibriados.
  7090 | D:8      | Became a worshipper of Cheibriados the Contemplative
  7090 | D:8      | Reached * piety under Cheibriados
  7090 | D:8      | Reached ** piety under Cheibriados
  7318 | D:8      | Reached skill level 11 in Unarmed Combat
  7388 | D:8      | Noticed Psyche
  7399 | D:8      | Killed Psyche
  7435 | D:8      | Noticed a death yak
  7451 | D:8      | Killed a death yak
  7451 | D:8      | Reached skill level 10 in Fighting
  7691 | D:8      | Found a staircase to the Lair.
  7735 | D:8      | Reached *** piety under Cheibriados
  7997 | D:9      | Noticed Duskembrace's ghost (novice TrMo)
  8012 | D:9      | Killed Duskembrace's ghost
  8012 | D:9      | Reached skill level 12 in Unarmed Combat
  8157 | D:9      | Reached XP level 11. HP: 112/119 MP: 10/10
  8632 | D:9      | Reached **** piety under Cheibriados
  9025 | D:9      | Identified a scroll of acquirement
  9050 | D:10     | Entered Level 10 of the Dungeon
  9128 | D:10     | Killed an unseen horror
  9185 | D:10     | Slain by a killer bee

Vault maps used:
D:1:      lightli_arrival_maybe_door_vault
D:2:      old_standard_altar, grunt_ministairs_11, hangedman_decor_growths,
          minmay_misc_feat_alley, minmay_item_behind_shaft
D:3:      grunt_temple_overflow_open, portal_sewer_entry_f
D:4:      tgw_sif, okawaru_metal_pillars_1_2, uniq_grinder,
          uniq_crazy_yiuf_cottage, uniq_eustachio
D:5:      first_bread
D:6:      elyvilon_altar_1, kiku_gazebo_pond_becter, sigmund_edmund_badplayer
D:7:      marbit_many_paths, grunt_gozag_statues, kennysheep_mini_moat,
          serial_undead, serial_undead_f, serial_undead_a, serial_undead_f,
          serial_undead_e, serial_undead_b, serial_undead_b, uniq_joseph
D:8:      lemuel_crystal_altar, dpeg_lair_monsters, david_nohive_1, uniq_psyche
D:9:      roderic_lattice_a
D:10:     lemuel_castle_with_subvaults, serial_shops, nicolae_shop_stone,
          uniq_grum
Temple:   jpeg_temple_island
Sewer:    sewer_co_scattered_pipes

Skill      XL: |  1  2  3  4  5  6  7  8  9 10 |
---------------+-------------------------------+-----
Fighting       | 3 4 5 6 7 9 10 | 10.9
Unarmed Combat | 4 5 6 7 8 10 12 | 12.4
Dodging        | |  2.4
Stealth        | |  1.0

Action                   |  1- 3 |  4- 6 |  7- 9 | 10-12 || total
-------------------------+-------+-------+-------+-------++-------
Melee: Unarmed           |    95 |   196 |   299 |   269 ||   859
       Punch             |     1 |     4 |    12 |    14 ||    31
Evoke: Wand              |       |       |       |     1 ||     1
  Use: Scroll            |       |     4 |     1 |    13 ||    18
       Potion            |       |       |       |     5 ||     5
 Stab: Sleeping          |     4 |     2 |     1 |     4 ||    11
       Distracted        |     1 |       |       |       ||     1
  Eat: Chunk             |    10 |    29 |    29 |    23 ||    91
Armor: Robe              |    25 |    53 |    51 |    72 ||   201
       Skin              |       |       |       |    13 ||    13
Dodge: Dodged            |    38 |    75 |   108 |   148 ||   369
Block: Other             |     1 |    38 |    50 |    77 ||   166
       Reflection        |       |     1 |     1 |     3 ||     5
